 Dungeon Crawl Stone Soup version 0.25-b1-37-g2669288c55 (webtiles) character file.

Game seed: 5200610833137268701

319 grindst0ne the Skirmisher (level 6, -2/50 HPs)
             Began as a Demonspawn Gladiator on June 4, 2020.
             Slain by an ogre
             ... wielding a +0 giant spiked club
              (16 damage)
             ... on level 4 of the Dungeon.
             The game lasted 00:03:24 (2647 turns).

grindst0ne the Skirmisher (Demonspawn Gladiator)    Turns: 2647, Time: 00:03:25

Health: -2/50      AC:  8    Str: 16    XL:     6   Next: 21%
Magic:  6/6        EV: 12    Int:  9    God:
Gold:   177        SH:  0    Dex: 15    Spells: 5/5 levels left

rFire    . . .     SeeInvis .   a - +0 war axe
rCold    . . .     Gourm    .   (no shield)
rNeg     . . .     Faith    .   n - +0 ring mail
rPois    .         Spirit   .   c - +0 helmet
rElec    .         Reflect  .   (no cloak)
rCorr    .         Harm     .   (no gloves)
MR       .....                  h - +0 pair of boots
Stlth    ++........             (no amulet)
HPRegen  0.16/turn              t - ring of stealth
MPRegen  0.10/turn              (no ring)

@: no status effects
A: claws 1, talons 1, powered by death 2
a: no special abilities


You were on level 4 of the Dungeon.
You were hungry.

You visited 1 branch of the dungeon, and saw 4 of its levels.

You collected 177 gold pieces.

Inventory:

Hand Weapons
 a - a +0 war axe (weapon)
Missiles
 d - 2 throwing nets (quivered)
 m - 4 silver javelins
Armour
 c - a +0 helmet (worn)
 h - a +0 pair of boots (worn)
 n - a +0 ring mail (worn)
Jewellery
 t - a ring of stealth (left claw)
Wands
 r - a wand of paralysis (6)
Scrolls
 g - 2 scrolls of teleportation {unknown}
 i - 2 scrolls of blinking {unknown}
 k - a scroll of amnesia {unknown}
 l - 3 scrolls of remove curse {unknown}
 w - a scroll of identify {unknown}
Potions
 b - a potion of stabbing {unknown}
 e - a potion of haste {unknown}
 j - 2 potions of degeneration {unknown}
 o - 2 potions of berserk rage {unknown}
 p - a potion of heal wounds {unknown}
 q - a potion of cancellation {unknown}
 s - a potion of brilliance {unknown}
 v - a potion of lignification {unknown}
Comestibles
 f - 3 rations
 u - 3 chunks of flesh


   Skills:
 + Level 4.8 Fighting
 - Level 2.6 Axes
 - Level 1.7 Throwing
 + Level 3.8 Armour
 - Level 2.6 Dodging


You had 5 spell levels left.
You didn't know any spells.
Your spell library was empty.

Dungeon Overview and Level Annotations

Branches:
Dungeon (4/15)
 Temple: D:4-7

Altars:
Yredelemnul
The Shining One


Innate Abilities, Weirdness & Mutations

You have sharp fingernails.
You have sharp toenails.
You regenerate health from kills.


Message History

You see here a howler monkey skeleton.
An ogre comes into view. It is wielding a +0 giant spiked club.
The ogre shouts!
There is a large open door here.
You see here a giant cockroach corpse.
You butcher the giant cockroach corpse.
There is a large open door here.
You see here 2 chunks of flesh.
u - 3 chunks of flesh (gained 2)
Found 10 gold pieces and 18 bolts.
The ogre hits you with a +0 giant spiked club!!
Found 14 gold pieces.
You hit the ogre.
The ogre is lightly wounded.
The ogre hits you with a +0 giant spiked club!
* * * LOW HITPOINT WARNING * * *
You completely miss the ogre.
The ogre is lightly wounded.
The ogre hits you with a +0 giant spiked club!
You die...

########''
#≈§≈§≈≈≈..
#≈........
#§........
.#########≈........
.......<.#≈........
.#######.#§.O......
#÷#§@.......
#.'.......$.
#.'.......($
....#≈........
####.#≈........
#.#§§.......
#.#§§.......
#.#≈.......§
..#§§§.....


You could see an ogre.

Vanquished Creatures
  An ice beast (D:3)
  A howler monkey (D:4)
  A jelly (D:3)
  A bullfrog skeleton (D:4)
  5 adders
  An ooze (D:1)
  A worm (D:3)
  A dart slug (D:1)
  4 leopard geckos
  2 orcs (D:3)
  3 ball pythons (D:3)
  9 bats
  7 giant cockroaches
  7 goblins
  7 hobgoblins
  8 jackals
  A quokka (D:2)
  A frilled lizard (D:2)
  6 kobolds
  6 rats
73 creatures vanquished.

Notes
Turn   | Place    | Note
-------+----------+-------------------------------------------
     0 | D:1      | grindst0ne the Demonspawn Gladiator began the quest for the
                  | Orb.
     0 | D:1      | Reached XP level 1. HP: 16/16 MP: 1/1
    91 | D:1      | Reached skill level 1 in Armour
    91 | D:1      | Gained mutation: You regenerate a little health from kills.
                  | [demonic ancestry]
    91 | D:1      | Reached XP level 2. HP: 23/23 MP: 2/2
   547 | D:1      | Reached XP level 3. HP: 27/28 MP: 3/3
   911 | D:2      | Reached skill level 3 in Fighting
  1471 | D:2      | Found a glowing golden altar of the Shining One.
  1616 | D:3      | Gained mutation: You have sharp toenails. [demonic
                  | ancestry]
  1616 | D:3      | Reached XP level 4. HP: 35/35 MP: 4/4
  1664 | D:3      | Noticed an ice beast
  1679 | D:3      | Killed an ice beast
  1679 | D:3      | Reached skill level 4 in Fighting
  1679 | D:3      | Gained mutation: You regenerate health from kills. [demonic
                  | ancestry]
  1679 | D:3      | Reached XP level 5. HP: 16/42 MP: 5/5
  1879 | D:3      | Found a basalt altar of Yredelemnul.
  2631 | D:4      | Gained mutation: You have sharp fingernails. [demonic
                  | ancestry]
  2631 | D:4      | Reached XP level 6. HP: 39/49 MP: 6/6
  2647 | D:4      | Slain by an ogre

Illustrated notes

Levels and vault maps discovered:
D:1:      minmay_arrival_four_circles, layout_basic
D:2:      layout_rooms, first_ration, serial_bayou_lagoon_a,
          nicolae_tso_swordbearing_angel
D:3:      layout_basic, nicolae_overflow_hidden_temple
D:4:      layout_loops_ring, nicolae_gozag_cash_rules_everything_around_me,
          old_standard_altar, minmay_temple_entry_grid, serial_bayou,
          serial_bayou_shore_a, serial_bayou_pond_e, serial_bayou_shore_b,
          serial_bayou_pond_c, cheibrodos_sewer_entry_sluice,
          skrybe_limestone_x, kennysheep_dice

Skill      XL: |  1  2  3  4 |
---------------+-------------+-----
Armour         | 1 2 3 |  3.8
Fighting       | 3 4 |  4.8
Axes           | |  2.6
Throwing       | |  1.7
Dodging        | |  2.6

Action                   |  1- 3 |  4- 6 || total
-------------------------+-------+-------++-------
Melee: War axe           |   102 |    93 ||   195
       Spear             |    12 |       ||    12
Throw: Throwing net      |       |     2 ||     2
 Stab: Sleeping          |     1 |     5 ||     6
       Held in net/web   |       |     1 ||     1
  Eat: Chunk             |     2 |     3 ||     5
Armor: Leather armour    |    34 |       ||    34
       Ring mail         |    24 |    42 ||    66
Dodge: Dodged            |    96 |    74 ||   170
